 Dungeon Crawl Stone Soup version 0.26-a0-665-gefeb406119 (webtiles) character file.

Game seed: 11864719774848529588

84 lunkers the Cutter (level 4, -2/26 HPs)
             Began as a Kobold Gladiator on Oct 15, 2020.
             Killed by nerve-wracking pain
             ... invoked by an orc priest
              (9 damage)
             ... on level 3 of the Dungeon.
             The game lasted 00:02:17 (3035 turns).

lunkers the Cutter (Kobold Gladiator)               Turns: 3035, Time: 00:02:17

Health: -2/26      AC:  7    Str: 11    XL:     4   Next: 72%
Magic:  4/4        EV: 13    Int:  9    God:
Gold:   164        SH:  0    Dex: 17    Spells: 3/3 levels left

rFire    . . .     SeeInvis .   v - +2 short sword (drain)
rCold    . . .     Faith    .   (shield restricted)
rNeg     . . .     Spirit   .   l - +0 ring mail
rPois    .         Reflect  .   c - +0 helmet
rElec    .         Harm     .   (no cloak)
rCorr    .         Rampage  .   (no gloves)
MR       .....                  s - +0 pair of boots
Stlth    ++........             (no amulet)
HPRegen  0.08/turn              (no ring)
MPRegen  0.09/turn              (no ring)

@: heavily drained
A: small, nightstalker 3
a: no special abilities


You were on level 3 of the Dungeon.
You visited 1 branch of the dungeon, and saw 3 of its levels.

You collected 164 gold pieces.

Inventory:

Hand Weapons
 a - a +0 rapier
 q - a +0 dagger of electrocution
 v - a +2 short sword of draining (weapon)
Missiles
 d - 3 throwing nets {=f}
Armour
 b - a +0 leather armour
 c - a +0 helmet (worn)
 l - a +0 ring mail (worn)
 s - a +0 pair of boots (worn)
Jewellery
 i - an uncursed amulet of guardian spirit {unknown}
 p - an uncursed amulet of guardian spirit {unknown}
Wands
 t - a wand of paralysis (9)
Scrolls
 f - a scroll of remove curse {unknown}
 g - 3 scrolls of identify {unknown}
 h - a scroll of magic mapping {unknown}
 j - 3 scrolls of teleportation {unknown}
 n - a scroll of enchant armour {unknown}
 o - a scroll of amnesia {unknown}
Potions
 e - a potion of lignification {unknown}
 k - a potion of flight {unknown}
 m - a potion of haste {unknown}
 r - a potion of curing {unknown}
 u - a potion of ambrosia {unknown}


   Skills:
 - Level 2.1(1.1) Fighting
 + Level 6.8(5.5) Short Blades
 - Level 2.1(1.1) Throwing
 - Level 3.6(2.4) Dodging


You had 3 spell levels left.
You didn't know any spells.
Your spell library was empty.

Dungeon Overview and Level Annotations

Branches:
Dungeon (3/15)

Altars:
Dithmenos


Innate Abilities, Weirdness & Mutations

You are small and have problems with some larger weapons.
You are completely attuned to the shadows.


Message History

The orc barely misses you.
You sense an unholy aura.
v - a +2 short sword of draining (weapon)
The orc hits you but does no damage. The orc barely misses you.
You hit the orc. You drain the orc.
You kill the orc!
You hit the orc. You drain the orc.
You kill the orc!
The orc hits you but does no damage.
The orc priest calls down the wrath of Beogh upon you.
Beogh smites you!
* * * LOW HITPOINT WARNING * * *
You hit the orc but do no damage. You drain the orc.
The orc is heavily wounded.
The orc misses you.
You hit the orc priest.
The orc priest is lightly wounded.
The orc priest invokes the aid of Beogh against you.
Pain shoots through your body!
You die...

...###..#.
.?..........
#....##...##.....#
#....###....)....#
#.......^........#
#.....#...).#....#
#...<........).$.#
#....##..###.#.o@#
####.##...##....o#
#.##.#..###...#
#.. .##. #.....
#.#....


You could see an orc priest and an orc (drained).

Vanquished Creatures
  3 gnolls
  2 oozes (D:2)
  A worm (D:2)
  A dart slug (D:2)
  4 leopard geckos
  3 orcs (D:3)
  A giant cockroach (D:2)
  3 goblins
  2 hobgoblins
  3 jackals (D:1)
  3 kobolds (D:1)
  A quokka (D:2)
  3 bats
  2 frilled lizards
  4 rats
36 creatures vanquished.

Notes
Turn   | Place    | Note
-------+----------+-------------------------------------------
     0 | D:1      | lunkers the Kobold Gladiator began the quest for the Orb.
     0 | D:1      | Reached XP level 1. HP: 12/12 MP: 1/1
   495 | D:1      | Reached XP level 2. HP: 17/17 MP: 2/2
   645 | D:1      | Reached skill level 5 in Short Blades
  1343 | D:2      | Reached XP level 3. HP: 8/21 MP: 3/3
  1640 | D:2      | Found a shadowy altar of Dithmenos.
  1857 | D:2      | Reached skill level 6 in Short Blades
  1884 | D:1      | Reached XP level 4. HP: 5/26 MP: 4/4
  3035 | D:3      | Killed from afar by an orc priest

Illustrated notes

Levels and vault maps discovered:
D:1:      sevenhm_arrival_forest_fort_small_4, layout_basic
D:2:      layout_loops_ring, nicolae_overflow_hidden_temple
D:3:      layout_rooms, marbit_many_paths

Skill      XL: |  1  2  3 |
---------------+----------+-----
Short Blades   | 5 6 |  6.8
Fighting       | |  2.1
Throwing       | |  2.1
Dodging        | |  3.6

Action                   |  1- 3 |  4- 6 || total
-------------------------+-------+-------++-------
Melee: Rapier            |    84 |    32 ||   116
       Short sword       |       |     4 ||     4
 Stab: Sleeping          |     7 |     2 ||     9
Armor: Leather armour    |     6 |       ||     6
       Ring mail         |     7 |    11 ||    18
Dodge: Dodged            |    71 |    30 ||   101

Table legend: (Time is in decaauts)
 A = Elapsed time spent in this place.
 B = Non-inter-level travel time spent in this place.
 C = Inter-level travel time spent in this place.
 D = Time resting spent in this place.
 E = Time spent auto-exploring this place.
 F = Levels seen in this place.
 G = Mean time per level.
                   A        B        C        D        E       F      G
               +--------+--------+--------+--------+--------+-----+--------+
         Total |   3042 |   2969 |     73 |    607 |   2059 |   3 | 1014.0 |
       Dungeon |   3042 |   2969 |     73 |    607 |   2059 |   3 | 1014.0 |
               +--------+--------+--------+--------+--------+-----+--------+

Top non-repeatable levels by time:
     D:1: 1957 daAuts
     D:2: 1051 daAuts
     D:3: 33 daAuts
